 Dungeon Crawl Stone Soup version 0.24.0-13-gcf9b319 (webtiles) character file.

Game seed: 13028544737320074578, levelgen mode: deterministic

35 Ajohnson the Vexing (level 3, 0/24 HPs)
             Began as a Vampire Enchanter on Nov 26, 2019.
             Succumbed to an adder's poison
             ... on level 1 of the Dungeon.
             The game lasted 00:01:40 (560 turns).

Ajohnson the Vexing (Vampire Enchanter)              Turns: 560, Time: 00:01:40

Health: 0/24       AC:  2    Str:  7    XL:     3   Next: 17%
Magic:  1/6        EV: 12    Int: 18    God:
Gold:   10         SH:  0    Dex: 14    Spells: 3/6 levels left

rFire    . . .     SeeInvis +   a - +1 dagger
rCold    . . .     Gourm    .   (no shield)
rNeg     . . .     Faith    .   b - +0 robe
rPois    .         Spirit   .   (no helmet)
rElec    .         Reflect  .   (no cloak)
rCorr    .         Harm     .   (no gloves)
MR       .....                  (no boots)
Stlth    +++.......             (no amulet)
HPRegen  0.28/turn              (no ring)
MPRegen  0.10/turn              (no ring)

@: lethally poisoned (0 -> -2), regenerating quickly
A: no food, fangs 3, see invisible, unbreathing
a: Exsanguinate


You were on level 1 of the Dungeon.
You were alive.

You visited 1 branch of the dungeon, and saw 2 of its levels.

You collected 10 gold pieces.

Inventory:

Hand Weapons
 a - a +1 dagger (weapon)
Armour
 b - a +0 robe (worn)
Jewellery
 i - a cursed amulet of inaccuracy {unknown}
Scrolls
 d - 2 scrolls of remove curse {unknown}
 e - a scroll of teleportation {unknown}
 f - a scroll of noise {unknown}
 k - a scroll of enchant weapon {unknown}
Potions
 c - a potion of lignification {unknown}
 g - a potion of invisibility {unknown}
 h - a potion of flight {unknown}
 j - a potion of haste {unknown}


   Skills:
 - Level 1.1 Short Blades
 - Level 2.1 Dodging
 - Level 4.4 Stealth
 - Level 2.0 Spellcasting
 + Level 6.3 Hexes


You had 3 spell levels left.
You knew the following spells:

 Your Spells              Type           Power        Failure   Level  Hunger
a - Corona                Hex            ###....      1%          1    N/A
b - Ensorcelled Hibernat  Hex/Ice        ##....       8%          2    N/A

Your spell library contained the following spells:

 Spells                   Type           Power        Failure   Level  Hunger
 Confuse                  Hex            ###.....     4%          3    N/A
 Tukima's Dance           Hex            ###.....     4%          3    N/A
 Dazzling Spray           Conj/Hex       ##....       14%         3    N/A

Dungeon Overview and Level Annotations

Branches:
Dungeon (2/15)

Altars:


Innate Abilities, Weirdness & Mutations

You do not eat.
Your natural rate of healing is unusually fast.
You have razor-sharp teeth.
You have supernaturally acute eyesight. (SInv)
You can survive without breathing.


Message History

Increase (S)trength, (I)ntelligence, or (D)exterity?
You feel clever.
If you were bloodless you could now transform into a vampire bat.
Casting: Ensorcelled Hibernation (safe; 8% risk of failure)
Confirm with . or Enter, or press ? or * to list all spells.
Aiming: Ensorcelled Hibernation (safe; 8% risk of failure)
Press: ? - help, Shift-Dir - straight line, f - hobgoblin
Aim: a hobgoblin, wielding a +0 club (chance to defeat MR: 62%)
The hobgoblin looks drowsy...
* * * LOW HITPOINT WARNING * * *
You feel sick.
The helpless hobgoblin fails to defend itself.
You impale the hobgoblin!!
You kill the hobgoblin!
Casting: Ensorcelled Hibernation (safe; 8% risk of failure)
Confirm with . or Enter, or press ? or * to list all spells.
You don't have enough magic to cast that spell.
You hit the rat.
The rat is moderately wounded.
You die...

..)...######..## #.##...#
..†...#####..## #.######
............#### #.#
......####.....###.# ......#
#.....##..#
......####)....##.##
..###....#.....##.#
......%..#.....##.#####
....#..........r@.....#
.........#...>.##.##..#
.........#.....##.#..##
.........#.....##.#.##
..................#.#
(....#............#†#########
...÷....#######...#†##......##
...÷....##...##..##.#........##
........#.###.'..##...........#


You could see a rat.

Vanquished Creatures
  An adder (D:1)
  A leopard gecko (D:1)
  4 bats (D:1)
  4 goblins (D:1)
  2 hobgoblins (D:1)
  2 jackals (D:1)
  2 kobolds (D:1)
  3 frilled lizards (D:1)
  6 rats
25 creatures vanquished.

Notes
Turn   | Place    | Note
-------+----------+-------------------------------------------
     0 | D:1      | Ajohnson the Vampire Enchanter began the quest for the Orb.
     0 | D:1      | Reached XP level 1. HP: 13/13 MP: 3/3
    89 | D:1      | Reached skill level 5 in Hexes
   139 | D:1      | Reached XP level 2. HP: 19/19 MP: 5/5
   420 | D:1      | Reached skill level 6 in Hexes
   549 | D:1      | Learned a level 2 spell: Ensorcelled Hibernation
   557 | D:1      | Reached XP level 3. HP: 1/24 MP: 3/6
   558 | D:1      | HP: 1/24 [poisoned by an adder]
   560 | D:1      | Succumbed to an adder's poison

Levels and vault maps discovered:
D:1:      minmay_arrival_stone_box, layout_rooms
D:2:      layout_basic, gammafunk_temple_overflow_pools, uniq_sigmund,
          uniq_terence, uniq_crazy_yiuf_cottage

Skill      XL: |  1  2 |
---------------+-------+-----
Hexes          | 5 6 |  6.3
Short Blades   | |  1.1
Dodging        | |  2.1
Stealth        | |  4.4
Spellcasting   | |  2.0

Action                   || total
-------------------------++-------
Melee: Dagger            ||    93
       Bite              ||     2
 Cast: Corona            ||     2
       Ensorcelled Hiber ||     2
 Stab: Sleeping          ||     6
Armor: Robe              ||    31
Dodge: Dodged            ||    83
